 Dungeon Crawl Stone Soup version 0.31.0-32-g396128a36d (webtiles) character file.

Game seed: 10778555431280261196

12586 Henri the Grappler (level 11, -5/111 HPs)
             Began as a Troll Gladiator on Apr 4, 2024.
             Was an Initiate of Gozag.
             Slain by Snorg (11 damage)
             ... on level 10 of the Dungeon.
             The game lasted 00:27:55 (10130 turns).

Henri the Grappler (Troll Gladiator)               Turns: 10130, Time: 00:27:55

Health: -5/111     AC:  4    Str: 28    XL:     11   Next: 64%
Magic:  10/10      EV: 11    Int:  4    God:    Gozag
Gold:   358        SH:  5    Dex: 11    Spells: 10/10 levels left

rFire   . .          .
                       - Unarmed
rCold   + . .        (no shield)
rNeg    . . .        a - +0 robe
rPois   .            b - +0 hat
rElec   .            (no cloak)
rCorr   .            (gloves unavailable)
SInv    .            (boots unavailable)
Will    .....        y - amulet of reflection
Stlth   +            j - ring of protection from cold
HPRegen 1.18/turn    (no ring)
MPRegen 0.12/turn

%: reflection
@: weak-willed, hasted, very quick
A: large, unfitting armour, claws 3, regeneration 1, shaggy fur 1, tough skin 1
a: Renounce Religion, Potion Petition, Call Merchant, Bribe Branch


You were on level 10 of the Dungeon.
You worshipped Gozag.
Gozag was aware of your devotion.
You visited 2 branches of the dungeon, and saw 13 of its levels.

You collected 1890 gold pieces.
You paid 1532 gold pieces to Gozag.

Inventory:

Hand Weapons
 I - a +0 great mace
Missiles
 c - 3 throwing nets (quivered)
 d - a large rock
Armour
 a - a +0 robe (worn)
 b - a +0 hat (worn)
Jewellery
 j - a ring of protection from cold (left claw)
 y - an amulet of reflection (around neck)
Wands
 v - a wand of iceblast (15)
 B - a wand of flame (20)
 G - a wand of paralysis (10)
Scrolls
 f - 3 scrolls of amnesia {unknown}
 i - 5 scrolls of teleportation
 l - 5 scrolls of vulnerability
 m - a scroll of noise {unknown}
 n - 2 scrolls of immolation {unknown}
 p - 3 scrolls of enchant weapon {unknown}
 q - a scroll of blinking {unknown}
 r - a scroll of summoning {unknown}
 t - a scroll of poison {unknown}
 u - a scroll of acquirement {unknown}
 A - 3 scrolls of revelation {unknown}
 C - a scroll of enchant armour {unknown}
Potions
 e - 2 potions of invisibility
 g - 2 potions of enlightenment
 o - 3 potions of degeneration
 s - 3 potions of attraction
 w - a potion of resistance
 x - 2 potions of mutation {unknown}
 z - a potion of might {unknown}
 D - a potion of cancellation {unknown}
 E - 3 potions of brilliance {unknown}
 F - a potion of ambrosia {unknown}
 H - a potion of heal wounds {unknown}


   Skills:
 + Level 8.1 Fighting
 - Level 1.8 Throwing
 - Level 5.0 Armour
 - Level 5.0 Dodging
 * Level 14.3 Unarmed Combat


You had 10 spell levels left.
You didn't know any spells.
Your spell library contained the following spells:

 Spells                   Type           Power      Damage    Failure   Level
 Foxfire                  Conj/Fire      0%         2x1d4     50%         1
 Magic Dart               Conj           0%         1d3       50%         1
 Lesser Beckoning         Tloc           0%         N/A       65%         2
 Searing Ray              Conj           0%         2d4       65%         2
 Fugue of the Fallen      Necr           0%         N/A       86%         3
 Gell's Gravitas          Tloc           0%         N/A       86%         3
 Ozocubu's Armour         Ice            0%         N/A       86%         3
 Teleport Other           Tloc           0%         N/A       86%         3
 Fulminant Prism          Conj/Alch      0%         3d5       99%         4
 Manifold Assault         Tloc           0%         N/A       99%         4
 Plasma Beam              Fire/Air       0%         2x1d10    100%        6
 Starburst                Conj/Fire      0%         6d3       100%        6


Dungeon Overview and Level Annotations

Branches:
Dungeon (12/15)            Temple (1/1) D:5
   Lair: D:8-11         Orc: D:9-12

Altars:
Ashenzari
Cheibriados
Dithmenos
Elyvilon
Fedhas
Gozag
Hepliaklqana
Kikubaaqudgha
Makhleb
Nemelex Xobeh
Okawaru
Qazlal
Ru
Sif Muna
Trog
Uskayaw
Vehumet
Wu Jian
Xom
Yredelemnul
Zin
The Shining One

Shops:
D:4 [   D:10 [

Annotations:
D:7 2 runed translucent doors, return with dig, raetorn's ghost, novice FeSh
D:10 Snorg
D:11 Lodul; Nergalle
D:12 Jorgrun


Innate Abilities, Weirdness & Mutations

You are too large for most types of armour.
You have claws for hands.
Your natural rate of healing is unusually fast.
You are covered in fur. (AC +1)
You have tough skin. (AC +1)


Message History

The killer bee closely misses you.
You hear a grinding noise.
You scratch the killer bee but do no damage.
The killer bee misses you.
You barely miss the killer bee. The killer bee stings you.
The killer bee closely misses you.
You mangle the killer bee!!
You kill the killer bee!
You see here 4 gold pieces.
Snorg the Insatiable comes into view.
Snorg moves out of view.
The deep troll earth mage points next to you and mumbles some strange words.
The wall shatters!
The blast of rock fragments hits you!!
Found an escape hatch in the ceiling.
The deep troll earth mage gestures at the rock wall while chanting.
You hear a grinding noise.
Snorg attacks as she pursues you! Snorg misses you. You block Snorg's attack.
Snorg claws you!
* * * LOW HITPOINT WARNING * * *
As you read the scroll labelled YNUFOA GADI, it crumbles to dust.
A wave of despondency washes over your surroundings.
It was a scroll of vulnerability.
A flash of anger passes briefly over Snorg's face.
Snorg barely misses you. Snorg claws you!
* * * LOW HITPOINT WARNING * * *
Snorg misses you.
Okay, then.
You feel yourself speed up.
You hear a grinding noise.
Snorg barely misses you. Snorg misses you. Snorg claws you but does no damage.
The deep troll earth mage gestures next to you while chanting.
The wall shatters!
The blast of rock fragments hits you!!
* * * LOW HITPOINT WARNING * * *
Unknown command.
Snorg goes berserk!
Found a long jewelled staff.
There is an escape hatch in the ceiling here.
You block Snorg's attack. Snorg claws you!
You die...
Your body crumbles into a pile of gold.

#...).##T.# .#
#..<..#...# ..
######.#.##
##.#.$#
######.#.#.#
#.....T..#.#
#..........#
#........##...#
#.@T........###
#........####
#........#
#........#
#........#
#........#
#.......|#
##########


You could see Snorg (berserk, weak-willed) and a deep troll earth mage.

Vanquished Creatures
  2 centaur warriors (D:10)
  A two-headed ogre (D:10)
  2 orc knights (D:10)
  4 manticores (D:10)
  An unseen horror (D:9)
  An efreet (D:10)
  2 trolls
  A slime creature (D:10)
  A yak (shapeshifter) (D:10)
  18 yaks
  3 wraiths
  3 wyverns
  A water moccasin (D:7)
  2 acid dragons
  3 orc warriors
  2 sky beasts
  A black bear (shapeshifter) (D:10)
  An ice beast (D:5)
  A black bear (D:6)
  4 centaurs
  A phantom (D:6)
  2 kobold brigands
  2 bullfrogs
  4 wights
  9 killer bees
  A bombardier beetle (D:3)
  2 hounds
  A jelly (D:6)
  A gnoll bouda (D:9)
  7 orc priests
  4 sleepcaps
  4 iguanas
  8 orc wizards
  Robin (D:4)
  6 adders
  7 gnolls
  3 shadow imps
  4 white imps
  2 dart slugs
  2 ribbon worms (D:2)
  31 orcs
  8 endoplasms
  6 giant cockroaches
  11 hobgoblins
  5 jackals
  14 kobolds
  4 quokkas
  6 ball pythons
  9 bats
  13 frilled lizards
  10 goblins
  6 rats
248 creatures vanquished.

Vanquished Creatures (others)
  A manticore (D:10)
1 creature vanquished.

Grand Total: 249 creatures vanquished

Notes
Turn   | Place    | Note
-------+----------+-------------------------------------------
     0 | D:1      | Henri the Troll Gladiator began the quest for the Orb.
     0 | D:1      | Reached XP level 1. HP: 19/19 MP: 0/0
    81 | D:1      | Reached XP level 2. HP: 26/27 MP: 1/1
   348 | D:1      | Reached skill level 4 in Unarmed Combat
   420 | D:1      | Reached XP level 3. HP: 27/33 MP: 2/2
  1028 | D:2      | Reached XP level 4. HP: 37/41 MP: 3/3
  1107 | D:2      | Reached skill level 5 in Unarmed Combat
  1183 | D:2      | Found a faded altar of an unknown god.
  1646 | D:3      | Reached XP level 5. HP: 48/48 MP: 4/4
  2209 | D:4      | Noticed Robin
  2279 | D:4      | Killed Robin
  2354 | D:4      | Found a blossoming altar of Fedhas.
  2372 | D:4      | Reached skill level 6 in Unarmed Combat
  2411 | D:4      | Reached skill level 1 in Armour
  2582 | D:4      | Found Inees's Armour Boutique.
  2670 | D:4      | Found a bloodstained altar of Trog.
  2671 | D:4      | Found a broken altar of Ashenzari.
  2677 | D:4      | Found a burning altar of Makhleb.
  2752 | D:5      | Entered Level 5 of the Dungeon
  2769 | D:4      | Reached XP level 6. HP: 49/57 MP: 5/5
  2902 | D:5      | Noticed an ice beast
  2958 | D:5      | Found a staircase to the Ecumenical Temple.
  2969 | Temple   | Entered the Ecumenical Temple
  2988 | Temple   | Became a worshipper of Gozag Ym Sagoz the Greedy
  3268 | D:5      | Killed an ice beast
  3269 | D:5      | Reached skill level 7 in Unarmed Combat
  3269 | D:5      | Reached XP level 7. HP: 57/66 MP: 6/6
  4562 | D:6      | Reached skill level 8 in Unarmed Combat
  4562 | D:6      | Reached XP level 8. HP: 75/75 MP: 7/7
  5013 | D:7      | Found a large runed translucent door.
  5013 | D:7      | Found a large runed translucent door.
  5014 | D:7      | Noticed raetorn's ghost (novice FeSh)
  5186 | D:7      | Reached skill level 9 in Unarmed Combat
  5253 | D:7      | Found a shimmering altar of Xom.
  5254 | D:7      | Found a shimmering altar of Xom.
  5254 | D:7      | Found a shimmering altar of Xom.
  5255 | D:7      | Found a shimmering altar of Xom.
  5255 | D:7      | Found a shimmering altar of Xom.
  5256 | D:7      | Found a shimmering altar of Xom.
  5257 | D:7      | Found a shimmering altar of Xom.
  5258 | D:7      | Found a shimmering altar of Xom.
  5652 | D:7      | Found a shimmering altar of Xom.
  5652 | D:7      | Found a shimmering altar of Xom.
  5745 | D:7      | Reached XP level 9. HP: 56/85 MP: 8/8
  6163 | D:7      | Reached skill level 5 in Fighting
  6163 | D:7      | Reached skill level 10 in Unarmed Combat
  6525 | D:8      | Reached skill level 5 in Armour
  6749 | D:9      | Found an iron altar of Okawaru.
  6974 | D:9      | Noticed a troll
  6994 | D:9      | Killed a troll
  7009 | D:9      | Reached skill level 11 in Unarmed Combat
  7433 | D:9      | Reached XP level 10. HP: 73/98 MP: 9/9
  7668 | D:10     | Entered Level 10 of the Dungeon
  7772 | D:10     | Noticed a two-headed ogre
  7774 | D:10     | Reached skill level 12 in Unarmed Combat
  7783 | D:10     | Killed a two-headed ogre
  7846 | D:10     | Noticed a centaur warrior
  7846 | D:10     | Noticed an orc knight
  7846 | D:10     | Noticed a four-headed hydra
  7846 | D:10     | Noticed a manticore
  7869 | D:10     | HP: 2/100 [centaur warrior/arrow (16)]
  7965 | D:10     | Noticed a manticore
  8018 | D:10     | Noticed a centaur warrior
  8227 | D:10     | HP: 4/100 [centaur warrior (2)]
  8229 | D:10     | Killed a centaur warrior
  8252 | D:9      | HP: 3/100 [something (9)]
  8252 | D:9      | HP: 1/100 [something (2)]
  8541 | D:9      | Reached skill level 5 in Dodging
  8586 | D:10     | Reached XP level 11. HP: 91/109 MP: 10/10
  8702 | D:10     | Reached skill level 13 in Unarmed Combat
  8733 | D:10     | Noticed an orc knight
  8769 | D:10     | Found Ownok's Antique Armour Boutique.
  8960 | D:10     | Paralysed by an orc knight for 5 turns
  8972 | D:10     | Killed an orc knight
  9039 | D:10     | Identified the ring of Qaqugoes {Will+ Dex+6}
  9039 | D:10     | Noticed an ogre mage
  9050 | D:10     | Paralysed by something for 5 turns
  9331 | D:10     | Killed a centaur warrior
  9347 | D:10     | Noticed a centaur warrior
  9643 | D:10     | Found a runed translucent door.
  9721 | D:10     | Noticed a deep troll earth mage
  9721 | D:10     | Identified the +0 great sword of Gyozuw {flame, Str-5 Dex+2
                  | SInv}
  9722 | D:10     | Noticed a fire crab
  9748 | D:10     | Reached skill level 14 in Unarmed Combat
  9843 | D:11     | Noticed Lodul
  9886 | D:11     | Noticed a boulder beetle
  9917 | D:11     | Noticed a death yak
  9918 | D:11     | Noticed a death yak
  9971 | D:12     | Noticed Jorgrun
 10082 | D:11     | Noticed Nergalle
 10087 | D:10     | Identified the +6 plate armour of the Arcane {Harm Int+8}
 10095 | D:10     | Killed an orc knight
 10118 | D:10     | Noticed Snorg
 10124 | D:10     | HP: 1/111 [deep troll earth mage/blast of rock fragments
                  | (24)]
 10130 | D:10     | Slain by Snorg

Illustrated notes

Levels and vault maps discovered:
D:1:      beargit_arrival_greenhouse, layout_basic
D:2:      layout_rooms, dreamdust_ecumenical_altar_angels_and_demons,
          minivault_4, serial_bayou_lagoon_a
D:3:      layout_rooms, minmay_lizard_king
D:4:      layout_basic, amcnicky_altar_gilded,
          gammafunk_temple_overflow_forgotten, serial_shops,
          nicolae_shop_advertising_works [nicolae_subvault_shop_adworks],
          minmay_crossroads, uniq_robin
D:5:      layout_rooms, minmay_temple_entry_junction
D:6:      layout_basic
D:7:      layout_cave_pods, xom_shifter_show, ebering_ghost_disaster_area
D:8:      layout_rooms
D:9:      layout_loops_ring, mainiacjoe_overflow_paths
D:10:     minmay_the_grid_square_5x5_4x4 [minmay_the_grid_square_5x5_corner,
          minmay_the_grid_square_5x5_plus, minmay_the_grid_square_5x5_v,
          minmay_the_grid_square_5x5_three_small,
          minmay_the_grid_square_5x5_tie, minmay_the_grid_square_5x5_prize_junk,
          minmay_the_grid_square_5x5_prize_deathbox,
          minmay_the_grid_square_5x5_comb, minmay_the_grid_square_5x5_detours,
          minmay_the_grid_square_5x5_prize_open,
          minmay_the_grid_square_5x5_prize_rear_guard,
          minmay_the_grid_square_5x5_misaligned,
          minmay_the_grid_square_5x5_trominoes,
          minmay_the_grid_square_5x5_inner_v,
          minmay_the_grid_square_5x5_shrine1,
          minmay_the_grid_square_5x5_inner_i], layout_rooms, serial_shops, shop,
          nrook_campfire, minivault_13, uniq_snorg
D:11:     layout_small_grid, dpeg_lair_monsters, erik_orc_1, uniq_fannar,
          uniq_urug, uniq_nergalle, uniq_lodul
D:12:     layout_gridville, enter_trove_0, serial_shops,
          nicolae_shop_bloodbath_and_beyond, statue_in_the_mist_lemuel,
          uniq_jorgrun
Temple:   nicolae_temple_slightly_damp_pantheon

Skill      XL: |  1  2  3  4  5  6  7  8  9 10 11 |
---------------+----------------------------------+-----
Unarmed Combat | 4 5 6 7 8 9 11 12 14 | 14.3
Fighting       | 2 3 4 5 7 8 |  8.1
Armour         | 1 2 3 4 5 |  5.0
Dodging        | 3 5 |  5.0
Throwing       | |  1.8

Action                     |  1- 3 |  4- 6 |  7- 9 | 10-12 || total
---------------------------+-------+-------+-------+-------++-------
  Melee: Unarmed           |   106 |   218 |   270 |   172 ||   766
         Punch             |     3 |     3 |    20 |     8 ||    34
 Invoke: Potion Petition   |       |       |       |     3 ||     3
    Use: Scroll            |     3 |     2 |     3 |     3 ||    11
         Potion            |       |       |       |    10 ||    10
   Stab: Sleeping          |     1 |     2 |     1 |       ||     4
         Distracted        |       |       |     1 |     1 ||     2
 Armour: Robe              |    58 |   145 |   151 |   259 ||   613
         Skin              |       |       |       |     3 ||     3
  Dodge: Dodged            |    52 |    85 |    93 |    95 ||   325
  Block: Other             |       |     2 |    35 |    43 ||    80
         Reflection        |       |       |     2 |     6 ||     8
